 Dungeon Crawl Stone Soup version 0.27.1 (webtiles) character file.

Game seed: 7688470869803824398

119 Romesagentofchaos the Conjurer (level 4, 0/33 HPs)
             Began as a Draconian Conjurer on Aug 23, 2021.
             Was a Follower of the Shining One.
             Slain by Grinder (6 damage)
             ... on level 3 of the Dungeon.
             The game lasted 00:11:39 (2782 turns).

Romesagentofchaos the Conjurer (Draconian Conjurer) Turns: 2782, Time: 00:11:39

Health: 0/33       AC:  5    Str:  9    XL:     4   Next: 73%
Magic:  17/17      EV: 12    Int: 19    God:    the Shining One [*.....]
Gold:   134        SH:  0    Dex: 10    Spells: 0/8 levels left

rFire    . . .     SeeInvis .   b - +3 short sword (venom)
rCold    . . .     Faith    .   (no shield)
rNeg     . . .     Spirit   .   (armour unavailable)
rPois    .         Reflect  .   (helmet restricted)
rElec    .         Harm     .   (no cloak)
rCorr    .         Rampage  .   (no gloves)
Will     .....                  (no boots)
Stlth    +.........             (no amulet)
HPRegen  0.11/turn              a - ring of magical power
MPRegen  0.15/turn              (no ring)

@: hasted, glowing, studying Air Magic, very quick
A: AC +5, unfitting armour, cold-blooded
a: Renounce Religion


You were on level 3 of the Dungeon.
You worshipped the Shining One.
The Shining One was aware of your devotion.
You visited 1 branch of the dungeon, and saw 3 of its levels.

You collected 134 gold pieces.

Inventory:

Hand Weapons
 b - a +3 short sword of venom (weapon)
Missiles
 d - 21 bolts
Jewellery
 a - a ring of magical power (left hand)


   Skills:
 + Level 1.2 Short Blades
 + Level 2.1 Dodging
 + Level 2.0 Stealth
 + Level 2.6 Spellcasting
 + Level 5.2 Conjurations


You couldn't memorise any spells.
You knew the following spells:

 Your Spells              Type           Power      Damage    Failure   Level
a - Magic Dart            Conj           88%        1d7       1%          1
b - Searing Ray           Conj           44%        3d4       2%          2
c - Dazzling Flash        Conj/Hex       24%        N/A       16%         3
d - Static Discharge      Conj/Air       12%        N/A       9%          2

Your spell library contained the following spells:

 Spells                   Type           Power      Damage    Failure   Level
 Fulminant Prism          Conj/Hex       6%         3d7       47%         4
 Iskenderun's Mystic Bla  Conj/Tloc      12%        2d5       47%         4
 Lightning Bolt           Conj/Air       6%         1d18      83%         5
 Maxwell's Capacitive Co  Air            1%         ∞         100%        8


Dungeon Overview and Level Annotations

Branches:
Dungeon (3/15)

Altars:
Qazlal
The Shining One

Annotations:
D:3 Grinder


Innate Abilities, Weirdness & Mutations

Your plain brown scales are hard. (AC +5)
You cannot fit into any form of body armour.
You are cold-blooded and may be slowed by cold attacks.


Message History

You are frozen.
Grinder gestures at you. You resist with significant effort.
You hit Grinder.
Grinder is moderately wounded.
The endoplasm freezes you.
You are frozen.
Grinder hits you.
* * * LOW HITPOINT WARNING * * *
You hit Grinder.
Your tail-slap misses Grinder.
Grinder is moderately wounded.
The endoplasm completely misses you. Grinder hits you.
* * * LOW HITPOINT WARNING * * *
You writhe in agony.
* * * LOW HITPOINT WARNING * * *
You feel yourself speed up. The endoplasm barely misses you.
Grinder barely misses you. Grinder gestures at you.
You resist with significant effort.
You start resting.
Grinder is nearby!
Grinder gestures at you.
You suddenly lose the ability to move!
Grinder hits you but does no damage. Grinder gestures at you.
You resist with significant effort. Grinder gestures at you.
You shrug off the repeated paralysis!
Grinder gestures at you.
You barely resist.
You can move again.
You hit Grinder.
Your tail-slap misses Grinder.
Grinder is heavily wounded.
The orc priest casts a cantrip, but nothing happens.
Grinder barely misses you.
You hit Grinder.
Grinder is heavily wounded.
You hit Grinder.
Grinder is severely wounded.
Grinder hits you.
You die...

#######.....#####
................. #.
######.######### #.
###.######### #.
#...#........ #.
#.###.#######
#.######...(........
#.........##.#######
#..@.....###.#
##5#####.# #.# #l# #.#
#.# #o## #.# #.#
#..####.###.#######
##.#...............
####.....####†#######'
#........###.....###...
#.###.5..####.....###..


You could see Grinder, an orc priest and a frilled lizard.

Vanquished Creatures
  Jessica (D:3)
  Terence (D:2)
  An adder (D:3)
  A dart slug (D:1)
  4 ball pythons
  6 bats
  2 endoplasms (D:1)
  2 giant cockroaches (D:1)
  7 goblins
  5 hobgoblins
  3 jackals
  8 kobolds
  5 quokkas
  2 frilled lizards
  6 rats
54 creatures vanquished.

Notes
Turn   | Place    | Note
-------+----------+-------------------------------------------
     0 | D:1      | Romesagentofchaos the Draconian Conjurer began the quest
                  | for the Orb.
     0 | D:1      | Reached XP level 1. HP: 14/14 MP: 3/3
   248 | D:1      | Reached XP level 2. HP: 17/20 MP: 5/5
   251 | D:1      | Learned a level 2 spell: Searing Ray
   974 | D:1      | Reached XP level 3. HP: 26/26 MP: 6/6
   978 | D:1      | Learned a level 3 spell: Dazzling Flash
  1513 | D:2      | Noticed Terence
  1528 | D:2      | Killed Terence
  1529 | D:2      | Reached skill level 5 in Conjurations
  1529 | D:2      | Reached XP level 4. HP: 18/33 MP: 7/7
  1719 | D:2      | Found a faded altar of an unknown god.
  1722 | D:2      | Became a worshipper of the Shining One
  1722 | D:2      | Reached * piety under the Shining One
  1823 | D:2      | Found a stormy altar of Qazlal.
  2276 | D:3      | Noticed Jessica
  2283 | D:3      | Killed Jessica
  2572 | D:3      | Learned a level 2 spell: Static Discharge
  2699 | D:3      | Reached skill level 1 in Short Blades
  2740 | D:3      | Noticed Grinder
  2775 | D:3      | Paralysed by Grinder for 4 turns
  2782 | D:3      | Slain by Grinder

Illustrated notes

Levels and vault maps discovered:
D:1:      psy_arrival_basics, layout_basic, corner_web_ring,
          wad_floor_pattern_untrapped, st_stairs_6
D:2:      layout_basic, basic_altar, hellmonk_ecumenical_altar_inner_sanctum,
          serial_rivers, chequers_serial_rivers_room_b,
          chequers_serial_rivers_micro_e, chequers_serial_rivers_small_a,
          chequers_serial_rivers_micro_d, chequers_serial_rivers_large_a,
          st_stairs_7, uniq_terence
D:3:      layout_loops_ring, minmay_quadrilaterals, uniq_ijyb, uniq_grinder,
          uniq_jessica

Skill      XL: |  1  2  3  4 |
---------------+-------------+-----
Dodging        | 2 |  2.1
Conjurations   | 5 |  5.2
Stealth        | 2 |  2.0
Short Blades   | 1 |  1.2
Spellcasting   | |  2.6

Action                   |  1- 3 |  4- 6 || total
-------------------------+-------+-------++-------
Melee: Short sword       |    15 |    35 ||    50
       Tailslap          |       |     1 ||     1
 Cast: Magic Dart        |    63 |     7 ||    70
       Searing Ray       |     1 |       ||     1
  Use: Potion            |     3 |     4 ||     7
       Scroll            |     1 |     4 ||     5
Armor: Skin              |     1 |    11 ||    12
Dodge: Dodged            |    10 |    23 ||    33
